Unix NetHack Version 5.0.0-0 post-release - last build Jul 14 2026 02:55:29 (1809b74e8187c3a3585e283601c3028b46cbbdcb,branch:main).

Game began 2026-07-18 16:52:41, ended 2026-07-18 17:09:47.

A4Paper, chaotic female elven Wizard

    --------
    |......|        -----    ----------------
    |.......        |...| ###......(........|
    |...>..|        |...| #  |......<.......|
    |{.....|        |...| #  |..............|
    ---.----       #-...-##  |..............|
       #           #|...|    -------+--------
       #           #-----
       #@          ##
        #           #
        #           ##
     ---|------------#                #
     |........).....|%                #
     |....)).[[.....-#                #
     |......_...[^..|                 #
     |.i.....).....*.#############*#*##
     ----------------

A4Paper the Thaumaturge   St:13 Dx:13 Co:16 In:20 Wi:12 Ch:9  Chaotic S:3368
Dlvl:2  $:0  HP:0(56) Pw:25(65) AC:9  Xp:7/776 T:3594 

Latest messages:
 Your movements are slowed slightly because of your load.
 You swap places with the peaceful homunculus.
 What do you want to sacrifice? [T or ?*]
 Your sacrifice is consumed in a burst of flame!
 You have a hopeful feeling.
 Your movements are now unencumbered.
 There are several objects here.
 In what direction?
 Klunk!  The pipes vibrate noisily.
 In what direction?
 A black ooze gushes up from the drain!
 The black pudding divides as you hit it!
 The black pudding divides as you hit it!
 The black pudding bites!
 Your cloak of magic resistance is not affected by corrosion.
 The black pudding bites!
 Your cloak of magic resistance is not affected by corrosion.
 In what direction?
 The spell hits the black pudding!
 You kill the black pudding!
 Welcome to experience level 6.
 What do you want to drink? [fghs or ?*]
 You feel better.
 The black pudding bites!
 Your cloak of magic resistance is not affected by corrosion.
 What do you want to drink? [fghs or ?*]
 You feel better.
 The black pudding bites!
 Your cloak of magic resistance is not affected by corrosion.
 In what direction?
 The spell hits it!
 You kill it!
 The black pudding bites!
 Your cloak of magic resistance is not affected by corrosion.
 In what direction?
 The spell hits it!
 You kill it!
 You hear a faint sloshing sound.
 Welcome to experience level 7.
 You see here a small glob of black pudding.
 There is a small glob of black pudding here; eat it? [ynq] (n)
 You have a very bad case of stomach acid.
 Wizard, your life force is running out.
 You finish eating the small glob of black pudding.
 You feel healthy.
 You see here a small glob of black pudding.
 There is a small glob of black pudding here; eat it? [ynq] (n)
 You have a very bad case of stomach acid.
 You die...
 Do you want your possessions identified? [ynq] (y)

Inventory:
 Weapons  (')')
  z - the rustproof +0 Magicbane (weapon in right hand)
  C - the fireproof +3 Sting
  N - the rustproof +2 Ogresmasher
 Armor    ('[')
  b - an uncursed +0 cloak of magic resistance (being worn)
  L - an uncursed +0 elven mithril-coat
 Scrolls  ('?')
  j - an uncursed scroll of enchant weapon
  A - an uncursed scroll of magic mapping
 Spellbooks  ('+')
  p - an uncursed spellbook of create monster
  l - a blessed spellbook of force bolt
  m - an uncursed spellbook of knock
 Potions  ('!')
  f - a blessed potion of confusion
  h - an uncursed potion of gain ability
  g - 2 uncursed potions of levitation
 Rings    ('=')
  e - an uncursed ring of free action
  d - an uncursed ring of invisibility
  q - an uncursed ring of sustain ability
 Wands    ('/')
  c - a wand of enlightenment (0:12)
 Tools    ('(')
  o - an uncursed wooden flute
  n - a magic marker (0:21)
 Gems/Stones  ('*')
  t - 2 uncursed worthless pieces of orange glass

A4Paper the Wizard's attributes:

Background:
 You were a Thaumaturge, a level 7 female elven Wizard.
 You were chaotic, on a mission for Anhur
 who was opposed by Ptah (lawful) and Thoth (neutral).
 You were right-handed.
 You were in the Dungeons of Doom, on level 2.
 You entered the dungeon 3594 turns ago.
 You had 776 experience points, 504 more were needed to attain level 8.
 Your score was 3368 before end-of-game adjustments.

Basics:
 You had 0 out of 56 hit points.
 You had 25 out of 65 energy points (spell power).
 Your armor class was 9.
 Your wallet was empty.
 Autopickup was off.

Final Characteristics:
 Your strength was 13 (limit:18).
 Your dexterity was 13 (limit:18).
 Your constitution was 16 (limit:16).
 Your intelligence was 20 (limit:20).
 Your wisdom was 12 (limit:20).
 Your charisma was 9 (limit:18).

Final Status:
 You weren't hungry.
 You were unencumbered.
 You were wielding a dagger.
 You had basic skill with dagger.

Final Attributes:
 You were piously aligned.
 You were magic-protected.
 You were sleep resistant.
 You were poison resistant.
 You were telepathic.
 You had infravision.
 You aggravated monsters.
 You were warded.
 You are dead.

Miscellaneous:
 You didn't encounter any bones levels.
 Total elapsed playing time was 16 minutes and 42 seconds.

Major events:
 Turn
    1: A4Paper the chaotic female elven Wizard entered the dungeon
  651: attained the rank of Conjurer (level 3)
 1043: was bestowed with Magicbane by Anhur
 1433: was bestowed with Sting by Anhur
 2950: was bestowed with Ogresmasher by Anhur
 3563: attained the rank of Thaumaturge (level 6)
 3594: killed by an acidic glob

Spells:
 Name                 Level Category     Fail Retention
 force bolt             1   attack         0%   81%-90%
 knock                  1   matter         0%  76%-100%
 create monster         2   clerical       0%   81%-90%

Skills:
 Fighting Skills
   bare handed combat [Unskilled]
   riding             [Unskilled]
 Weapon Skills
   dagger             [Basic]
   knife              [Unskilled]
   axe                [Unskilled]
   short sword        [Unskilled]
   club               [Unskilled]
   mace               [Unskilled]
   hammer             [Unskilled]
   quarterstaff       [Basic]
   polearms           [Unskilled]
   spear              [Unskilled]
   trident            [Unskilled]
   sling              [Unskilled]
   dart               [Unskilled]
   shuriken           [Unskilled]
 Spellcasting Skills
   attack spells      [Basic]
   healing spells     [Unskilled]
   divination spells  [Unskilled]
   enchantment spells [Basic]
   clerical spells    [Basic]
   escape spells      [Unskilled]
   matter spells      [Unskilled]

Voluntary challenges:
 Character rerolling was not enabled.
 You never genocided any monsters.
 You never polymorphed an object.
 You never changed form.
 You used no wishes.
Achievements:
 You attained the rank of Conjurer.
 You attained the rank of Thaumaturge.

 The Dungeons of Doom: levels 1 to 2
    Level 1:
    Level 2: <- You were here.
       An altar to Anhur, a sink.
       Final resting place for
          you, killed by an acidic glob.
 The Tutorial:
    Level 1:


Vanquished creatures:
  3 black puddings
 an amorous demon
  a shrieker
  2 little dogs
  2 floating eyes
  2 kittens
  a homunculus
  4 dwarf zombies
  2 iguanas
  3 acid blobs
  2 coyotes
  3 hobbits
 12 manes
  a large kobold
  a hobgoblin
  3 giant rats
  a brown mold
  2 yellow molds
  a red mold
  2 gnome zombies
  2 geckos
 10 jackals
  3 foxes
  a kobold
  4 goblins
  a sewer rat
  3 grid bugs
  2 bats
  9 lichens
  2 kobold zombies
  4 newts
90 creatures vanquished.

No species were genocided or became extinct.

Game over:
                       ----------
                      /          \
                     /    REST    \
                    /      IN      \
                   /     PEACE      \
                  /                  \
                  |     A4Paper      |
                  |       0 Au       |
                  |   killed by an   |
                  |   acidic glob    |
                  |                  |
                  |                  |
                  |       2026       |
                 *|     *  *  *      | *
        _________)/\\_//(\/(/\)/\//\/|_)_______

Goodbye A4Paper the Wizard...

You died in The Dungeons of Doom on dungeon level 2 with 3368 points,
and 0 pieces of gold, after 3594 moves.
You were level 7 with a maximum of 56 hit points when you died.

